 Dungeon Crawl Stone Soup version 0.29.1-1-gd02db69 (webtiles) character file.

Game seed: 17257533262671165670

21 Timinator the Insei (level 2, 0/34 HPs)
             Began as a Demigod Transmuter on Jan 14, 2023.
             Frozen to death by an endoplasm (5 damage)
             ... on level 1 of the Dungeon.
             The game lasted 00:02:15 (637 turns).

Timinator the Insei (Demigod Transmuter)             Turns: 637, Time: 00:02:18

Health: 0/34       AC: 21    Str: 11    XL:     2   Next: 48%
Magic:  6/7        EV:  2    Int: 15    God:
Gold:   66         SH:  0    Dex: 14    Spells: 4/5 levels left

rFire   . . .      SeeInvis .     - Unarmed
rCold   . . .      Faith    .   (no shield)
rNeg    . . .      Spirit   .   (body armour currently unavailable)
rPois   +          Reflect  .   (helmet currently unavailable)
rElec   .          Harm     .   (cloak currently unavailable)
rCorr   .          Rampage  .   (gloves currently unavailable)
Will    .....      NoTele   +   (boots currently unavailable)
Stlth   +.........              (no amulet)
HPRegen 0.11/turn               (no ring)
MPRegen 0.10/turn               (no ring)

@: tree-form
A: stationary, stasis, torment immunity, boosted hp, high MP 1, forlorn, divine
attributes
a: no special abilities


You were on level 1 of the Dungeon.
You were a tree.
You visited 1 branch of the dungeon, and saw 1 of its levels.

You collected 66 gold pieces.

Inventory:

Armour
 e - a +0 robe (melded)
Scrolls
 c - a scroll of torment {unknown}
 d - a scroll of enchant weapon {unknown}
Potions
 a - a potion of flight {unknown}


   Skills:
 + Level 1.2 Fighting
 + Level 0.5 Armour
 + Level 2.0 Dodging
 * Level 2.9 Unarmed Combat
 - Level 2.0 Spellcasting
 + Level 2.0 Transmutations


You had 4 spell levels left.
You knew the following spells:

 Your Spells              Type           Power      Damage    Failure   Level
a - Beastly Appendage     Tmut           14%        N/A       10%         1

Your spell library contained the following spells:

 Spells                   Type           Power      Damage    Failure   Level
 Wereblood                Tmut           7%         N/A       14%         2
 Spider Form              Tmut/Pois      4%         N/A       41%         3
 Ice Form                 Ice/Tmut       4%         N/A       82%         4


Dungeon Overview and Level Annotations

Branches:
Dungeon (1/15)


Innate Abilities, Weirdness & Mutations

You are a tree.
Your roots penetrate the ground, keeping you stationary.
You cannot be teleported.
You are immune to unholy pain and torment.
Your maximum health is greatly increased.
Your equipment is partially melded.
You have an increased reservoir of magic. (+10% MP)
You shall have no god before yourself.
Your divine heritage dramatically boosts your attributes as you level up.


Message History

You hit the giant cockroach but do no damage.
The giant cockroach is heavily wounded.
The giant cockroach splashes around in the water.
You hit the giant cockroach but do no damage.
The giant cockroach is heavily wounded.
The giant cockroach splashes around in the water.
The hobgoblin hits you.
You hit the giant cockroach. Your kick misses the giant cockroach.
Your headbutt misses the giant cockroach.
The giant cockroach is severely wounded.
The giant cockroach bites you. The hobgoblin hits you.
You completely miss the giant cockroach.
The giant cockroach is severely wounded.
The giant cockroach bites you.
The rat bites the plant.
The plant begins to die.
The hobgoblin closely misses you. The endoplasm freezes you.
You are frozen.
You barely miss the giant cockroach. Your kick misses the giant cockroach.
The giant cockroach is severely wounded.
Your transformation is almost over.
The giant cockroach bites you.
The rat bites the plant.
The hobgoblin hits you.
* * * LOW HITPOINT WARNING * * *
The endoplasm splashes around in the water.
You hit the endoplasm. Your headbutt misses the endoplasm.
The endoplasm is moderately wounded.
The giant cockroach bites you but does no damage.
The rat bites the plant.
The giant cockroach splashes around in the water.
Unknown command.
Press: ? - help, v - describe, . - travel
Here: an endoplasm (moderately wounded) Some shallow water.
Really quaff the potion of lignification?
Your horns disappear.
Your talons disappear.
You turn into a tree.
Your +0 robe melds into your body.
Your roots penetrate the ground.
The hobgoblin hits you.
* * * LOW HITPOINT WARNING * * *
The endoplasm freezes you.
You are frozen.
You die...

##........# ♣♣..~##...........
###..#.####.#♣♣...≈##.#.........
#.†.##... ♣>...~#..#...r.....
.)######.# ♣....~# #..........
)## ..# #♣.<.~~###gJ........ .#
.#.#...~≈~##..#########
#########.#.'..~~~.##.######
........... #<.~PJ.#.........
#.......... #.~~♣BP'..######.
#.......... #≈~PPgr#.##
#.......... #≈.P~~.#.#
#.......... #≈PP≈..#.#
#.)†....... #~≈≈~..###
#[......... #≈~~...# #..........
#≈~...♣# #.......... #~~...♣
........... #≈...♣♣


You could see an endoplasm, a giant cockroach, a hobgoblin and a rat.

Vanquished Creatures
  4 ball pythons (D:1)
  A bat (D:1)
  An endoplasm (D:1)
  A giant cockroach (D:1)
  3 goblins (D:1)
  3 hobgoblins (D:1)
  3 kobolds (D:1)
  A rat (D:1)
17 creatures vanquished.

Vanquished Creatures (others)
  2 plants (D:1)
2 creatures vanquished.

Grand Total: 19 creatures vanquished

Notes
Turn   | Place    | Note
-------+----------+-------------------------------------------
     0 | D:1      | Timinator the Demigod Transmuter began the quest for the
                  | Orb.
     0 | D:1      | Reached XP level 1. HP: 15/15 MP: 5/5
    33 | D:1      | Reached skill level 1 in Fighting
   227 | D:1      | Reached XP level 2. HP: 23/23 MP: 5/7
   637 | D:1      | Frozen to death by an endoplasm

Illustrated notes

Levels and vault maps discovered:
D:1:      tarquinn_simple_flora_water_c, layout_rooms,
          ebering_ecumenical_altar_webs

Skill      XL: |  1  2 |
---------------+-------+-----
Fighting       | 1 |  1.2
Dodging        | 2 |  2.0
Transmutations | 2 |  2.0
Spellcasting   | 2 |  2.0
Armour         | |  0.5
Unarmed Combat | |  2.9

Action                   || total
-------------------------++-------
Melee: Unarmed           ||    51
       Kick              ||     9
       Headbutt          ||     7
 Cast: Beastly Appendage ||     8
  Use: Potion            ||     1
Armor: Robe              ||    10
Dodge: Dodged            ||    33
